Map: Orbital Shipyard

Players

SoulArisen - Winner!

  • Race: Protoss Protoss
  • League: Platinum

LilDicky

  • Race: Terran Terran
  • League: Diamond

VOD

http://www.twitch.tv/tumescentpie

Description

Time

  • Played on: Dec. 6, 2015, 5:17 p.m.
  • Length: 27:20
Show
View Real Time Build Order
Export as new Build Order

SoulArisen Protoss - Winner!

Build Orders:  

Get SALT Encoding   

  12  0:01  Probe (Chrono Boost)  
  13  0:12  Probe (Chrono Boost)  
  14  0:19  Pylon  
  14  0:23  Probe (Chrono Boost)  
  15  0:37  Probe (Chrono Boost)  
  15  0:38  Gateway  
  16  0:47  Probe (Chrono Boost), Assimilator  
  17  0:58  Probe (Chrono Boost)  
  18  1:08  Probe (Chrono Boost)  
  19  1:31  Cybernetics Core  
  19  1:40  Zealot (Chrono Boost)  
  21  1:48  Assimilator  
  21  1:50  Gateway  
  21  1:51  Pylon  
  21  1:53  Gateway  
  21  1:58  Probe  
  22  2:10  Mothership Core  
  24  2:19  Adept (Chrono Boost)  
  24  2:20  Warp Gate  
  26  2:23  Pylon  
  30  2:44  Probe, Adept x2 (Chrono Boost)  
  31  2:57  Adept (Chrono Boost)  
  33  3:05  Pylon  
  37  3:21  Adept (Chrono Boost)  
  37  3:23  Sentry x2 (Chrono Boost)  
  39  3:45  Stalker (Chrono Boost)  
  39  3:47  Pylon  
  41  4:14  Pylon  
  41  4:25  Stalker x3  
  47  4:32  Gateway  
  47  4:39  Probe (Chrono Boost)  
  48  4:50  Probe (Chrono Boost)  
  49  4:54  Stalker  
  49  4:55  Stalker  
  53  5:36  Stalker x2  
  53  5:37  Stalker  
  59  5:46  Stalker  
  61  6:02  Stalker  
  63  6:08  Pylon  
  63  6:09  Pylon  
  63  6:11  Pylon  
  63  6:28  Stalker x3  
  69  7:03  Stargate  
  69  7:05  Stargate  
Show
View Real Time Build Order
Export as new Build Order

LilDicky Terran 

Build Orders:  

Get SALT Encoding   

  12  0:32  SCV  
  13  1:09  Command Center  
Tags
 
Add a new tag
Caveats
  • Supply blocks, unpowered buildings, or Contaminate may cause inaccurate times.
  • Supply counts are checked every 10 seconds.